 Dungeon Crawl Stone Soup version 0.22.1-2-g9c5b331 (webtiles) character file.

100 empire the Slasher (level 4, -3/40 HPs)
             Began as a Minotaur Fighter on Nov 23, 2018.
             Slain by Grinder (5 damage)
             ... on level 4 of the Dungeon.
             The game lasted 00:04:21 (2353 turns).

empire the Slasher (Minotaur Fighter)               Turns: 2353, Time: 00:04:22

Health: -3/40      AC:  7    Str: 21    XL:     4   Next: 46%
Magic:  3/3        EV:  7    Int:  5    God:
Gold:   123        SH:  9    Dex: 10    Spells: 3/3 levels left

rFire    . . .     SeeInvis .   a - +1 long sword
rCold    . . .     Gourm    .   c - +0 shield
rNeg     . . .     Faith    .   b - +0 scale mail
rPois    .         Spirit   .   (helmet restricted)
rElec    .         Reflect  .   (no cloak)
rCorr    .         Harm     .   (no gloves)
MR       .....                  (no boots)
Stlth    ..........             (no amulet)
HPRegen  0.13/turn              (no ring)
MPRegen  0.08/turn              (no ring)

@: no status effects
A: retaliatory headbutt, horns 2
a: no special abilities


You were on level 4 of the Dungeon.
You were hungry.

You visited 1 branch of the dungeon, and saw 4 of its levels.

You collected 123 gold pieces.

Inventory:

Hand Weapons
 a - a +1 long sword (weapon)
Armour
 b - a +0 scale mail (worn)
 c - a +0 shield (worn)
Wands
 p - a wand of polymorph (14)
Scrolls
 e - 2 scrolls of fear
 i - a scroll of remove curse
 j - a scroll of teleportation
Potions
 d - a potion of might
 g - a potion of lignification {unknown}
 l - 2 potions of resistance
 m - a potion of agility {unknown}
 n - a potion of curing {unknown}
 o - a potion of brilliance {unknown}
 s - a potion of berserk rage {unknown}
 v - a potion of heal wounds {unknown}
Comestibles
 f - 6 rations


   Skills:
 - Level 4.0 Fighting
 + Level 5.0 Long Blades
 - Level 4.0 Armour
 - Level 4.0 Shields


You had 3 spell levels left.
You didn't know any spells.
Your spell library was empty.

Dungeon Overview and Level Annotations

Branches:
Dungeon (4/15)
 Temple: D:4-7

Altars:
Ashenzari
Elyvilon
Fedhas
Kikubaaqudgha

Annotations:
D:4 Grinder


Innate Abilities, Weirdness & Mutations

You reflexively headbutt those who attack you in melee.
You have a pair of horns on your head.


Message History

Grinder is moderately wounded.
You block Grinder's attack.
You hit Grinder.
Grinder is moderately wounded.
Grinder gestures at you. Pain shoots through your body!
* * * LOW HITPOINT WARNING * * *
You closely miss Grinder. You headbutt Grinder.
Grinder is moderately wounded.
Grinder gestures at you.
You barely resist. You closely miss Grinder. You headbutt Grinder!
Grinder is severely wounded.
Grinder gestures at you. Pain shoots through your body!
* * * LOW HITPOINT WARNING * * *
Grinder hits you.
* * * LOW HITPOINT WARNING * * *
You writhe in agony.
You die...

.♣ .#####. ..
....... ..
...... #. ....#
#. ....#
#.####....#
##.###..5@..#..#
.............#.
.##...........#
##......#####
##...### #..##
####


You could see Grinder.

Vanquished Creatures
  3 adders (D:2)
  An ooze (D:1)
  4 worms
  5 dart slugs
  8 bats
  A giant cockroach (D:2)
  6 hobgoblins
  2 quokkas (D:2)
  6 frilled lizards
  4 goblins
  5 kobolds
  6 rats
51 creatures vanquished.

Notes
Turn   | Place    | Note
-------+----------+-------------------------------------------
     0 | D:1      | empire the Minotaur Fighter began the quest for the Orb.
     0 | D:1      | Reached XP level 1. HP: 19/19 MP: 0/0
   120 | D:1      | Reached XP level 2. HP: 19/27 MP: 1/1
   342 | D:1      | Found a shattered altar of Ashenzari.
   492 | D:1      | Reached skill level 3 in Long Blades
   596 | D:1      | Reached XP level 3. HP: 33/33 MP: 2/2
   873 | D:2      | Reached skill level 4 in Long Blades
   992 | D:2      | Reached XP level 4. HP: 40/40 MP: 3/3
  1085 | D:2      | Found a blossoming altar of Fedhas.
  1750 | D:3      | Found an ancient bone altar of Kikubaaqudgha.
  1753 | D:3      | Found a white marble altar of Elyvilon.
  1767 | D:3      | Reached skill level 5 in Long Blades
  2334 | D:4      | Noticed Grinder
  2342 | D:4      | Paralysed by Grinder for 4 turns
  2353 | D:4      | HP: 2/40 [Grinder (6)]
  2353 | D:4      | Slain by Grinder

Skill      XL: |  1  2  3  4 |
---------------+-------------+-----
Shields        | 4 |  4.0
Armour         | 4 |  4.0
Fighting       | 4 |  4.0
Long Blades    | 3 4 5 |  5.0

Action                   |  1- 3 |  4- 6 || total
-------------------------+-------+-------++-------
Melee: Long sword        |    95 |    46 ||   141
       Headbutt          |    19 |     6 ||    25
  Use: Scroll            |       |     8 ||     8
  Eat: Chunk             |       |     4 ||     4
Armor: Scale mail        |    44 |    14 ||    58
Dodge: Dodged            |    24 |     8 ||    32
Block: Shield            |    55 |    21 ||    76
       Rpst.: Long sword |     5 |     2 ||     7
